 Dungeon Crawl Stone Soup version 0.26-b1-32-g5d43845318 (webtiles) character file.

Game seed: 3930740446834700735

1213 Goblin1989 the Slicer (level 8, -7/56 HPs)
             Began as a Demonspawn Brigand on Jan 7, 2021.
             Mangled by a yak (14 damage)
             ... on level 6 of the Dungeon.
             The game lasted 00:12:14 (6604 turns).

Goblin1989 the Slicer (Demonspawn Brigand)          Turns: 6604, Time: 00:12:15

Health: -7/56      AC:  6    Str: 19      XL:     8   Next: 22%
Magic:  8/8        EV: 11    Int: 14      God:
Gold:   31         SH:  4    Dex: 11 (14) Spells: 7/7 levels left

rFire    . . .     SeeInvis .   a - +3 dagger
rCold    . . .     Faith    .   N - +0 buckler
rNeg     . . .     Spirit   .   f - +0 robe
rPois    .         Reflect  .   G - +0 helmet
rElec    .         Harm     .   c - +0 cloak
rCorr    .         Rampage  .   L - +0 pair of gloves
Will     .....                  (no boots)
Stlth    ++........             (no amulet)
HPRegen  0.18/turn              K - +6 ring of strength
MPRegen  0.11/turn              (no ring)

@: no status effects
A: sharp scales 1
a: no special abilities


You were on level 6 of the Dungeon.
You visited 1 branch of the dungeon, and saw 6 of its levels.

You collected 249 gold pieces.
You spent 218 gold pieces at shops.

Inventory:

Hand Weapons
 a - a +3 dagger (weapon)
Missiles
 d - 7 poisoned darts (quivered)
 Z - 2 throwing nets {!d , @Q1}
Armour
 c - a +0 cloak (worn)
 f - a +0 robe (worn)
 G - a +0 helmet (worn)
 L - a +0 pair of gloves (worn)
 N - a +0 buckler (worn)
Jewellery
 D - a cursed -4 ring of evasion {unknown}
 K - a +6 ring of strength (left hand)
Scrolls
 B - a scroll of blinking
 E - 2 scrolls of enchant weapon {unknown}
 I - 2 scrolls of fog {unknown}
 M - 3 scrolls of magic mapping
 Q - 2 scrolls of random uselessness {unknown}
 R - 2 scrolls of identify {@r1}
 S - a scroll of immolation {unknown}
 T - 5 scrolls of teleportation {unknown}
 V - a scroll of enchant armour {unknown}
 W - 2 scrolls of remove curse {@r3}
 X - a scroll of amnesia {unknown}
 Y - a scroll of noise {unknown}
Potions
 H - a potion of flight
 J - 2 potions of brilliance
 P - 4 potions of curing {@q1}


   Skills:
 - Level 2.0 Fighting
 * Level 8.8 Short Blades
 - Level 1.7 Throwing
 - Level 0.8 Dodging
 - Level 3.6 Stealth
 + Level 2.5 Shields


You had 7 spell levels left.
You didn't know any spells.
Your spell library contained the following spells:

 Spells                   Type           Power        Failure   Level
 Animate Dead             Necr           0%           98%         4
 Borgnjor's Vile Clutch   Necr/Erth      0%           100%        5
 Death Channel            Necr           0%           100%        6
 Simulacrum               Ice/Necr       0%           100%        6


Dungeon Overview and Level Annotations

Branches:
Dungeon (6/15)
 Temple: D:4-7

Altars:
Ashenzari
Elyvilon
Gozag
The Shining One

Shops:
D:4 *   D:5 [

Annotations:
D:3 3 runed translucent doors, dscm's ghost, weakling FeEE
D:4 Ijyb


Innate Abilities, Weirdness & Mutations

You are partially covered in razor-sharp scales. (AC +1, Slay +1)


Message History

You throw a poisoned dart. The poisoned dart hits the yak.
The yak is poisoned.
The yak is moderately wounded.
The yak dies!
You feel your intelligence returning.
The yak looks more healthy.
Throw: 18 darts (poison)
Press: ? - help, Q - select action, (/) - cycle Shift-Dir - straight line, f - yak
Aim: a yak (moderately wounded)
You throw a poisoned dart. The poisoned dart hits the yak.
The yak is poisoned.
The yak is moderately wounded.
The yak gores you!
* * * LOW HITPOINT WARNING * * *
You take 7 damage, and have 13/56 hp.
Found a stone staircase leading down.
An ice beast and a zombie come into view.
Found 17 stones.
Throw: 17 darts (poison)
Press: ? - help, Q - select action, (/) - cycle Shift-Dir - straight line, f/p - yak
Aim: a yak (heavily wounded, poisoned)
You throw a poisoned dart. The poisoned dart hits the yak.
The yak looks even sicker.
The yak is heavily wounded.
Throw: 16 darts (poison)
Press: ? - help, Q - select action, (/) - cycle Shift-Dir - straight line, f/p - yak
Aim: a yak (heavily wounded, poisoned)
You throw a poisoned dart. The poisoned dart hits the yak.
The yak looks even sicker.
The yak is heavily wounded.
The yak gores you but does no damage.
The yak looks more healthy.
You see here a curare-tipped dart.
You see here a +0 club.
You see here a +0 spear.
Throw: 15 darts (poison)
Press: ? - help, Q - select action, (/) - cycle Shift-Dir - straight line, f/p - yak
Aim: a yak (severely wounded)
You throw a poisoned dart. The poisoned dart hits the yak.
The yak is severely wounded.
The yak closely misses you.
You hit the yak but do no damage.
The yak is severely wounded.
The yak closely misses you.
Throw: 14 darts (poison)
Press: ? - help, Q - select action, (/) - cycle Shift-Dir - straight line, f/p - yak
Aim: a yak (severely wounded)
You throw a poisoned dart. The poisoned dart hits the yak.
The yak is poisoned.
The yak is severely wounded.
The yak gores you!
* * * LOW HITPOINT WARNING * * *
You take 10 damage, and have 9/56 hp.
You see here a cursed -2 spear.
The yak looks more healthy.
Throw: 13 darts (poison)
Press: ? - help, Q - select action, (/) - cycle Shift-Dir - straight line, f/p - yak
Aim: a yak (severely wounded)
You throw a poisoned dart. The poisoned dart hits the yak.
The yak is poisoned.
The yak is severely wounded.
The yak barely misses you.
You hit the yak but do no damage.
The yak is severely wounded.
The yak looks more healthy.
Throw: 12 darts (poison)
Press: ? - help, Q - select action, (/) - cycle Shift-Dir - straight line, f/p - yak
Aim: a yak (severely wounded)
You throw a poisoned dart.
The poisoned dart barely misses the yak.
You see here a cursed -1 club.
Throw: 11 darts (poison)
Press: ? - help, Q - select action, (/) - cycle Shift-Dir - straight line, f/p - yak
Aim: a yak (severely wounded)
You throw a poisoned dart. The poisoned dart hits the yak.
The yak is severely wounded.
Throw: 10 darts (poison)
Press: ? - help, Q - select action, (/) - cycle Shift-Dir - straight line, f/p - yak
Aim: a yak (severely wounded)
You throw a poisoned dart. The poisoned dart hits the yak.
The yak is poisoned.
The yak is severely wounded.
The yak closely misses you.
There is a stone staircase leading up here.
The yak looks more healthy.
The yak gores you!
* * * LOW HITPOINT WARNING * * *
You take 12 damage, and have 4/56 hp.
MASSIVE DAMAGE!!
Throw: 9 darts (poison)
Press: ? - help, Q - select action, (/) - cycle Shift-Dir - straight line, f/p - yak
Aim: a yak (almost dead)
You throw a poisoned dart.
The poisoned dart closely misses the yak.
The poisoned dart hits the bullfrog zombie.
You see here a hound skeleton.
The yak gores you but does no damage.
You see here a cursed -1 club.
You see here a poisoned dart.
You see here a poisoned dart.
Throw: 8 darts (poison)
Press: ? - help, Q - select action, (/) - cycle Shift-Dir - straight line, f/p - yak
Aim: a yak (severely wounded)
You throw a poisoned dart. The poisoned dart hits the yak.
The yak is poisoned.
The yak is severely wounded.
The yak gores you!
You die... ....>...█ ██.████.<█ .........█ ██.████.██ █.████.██████.█ ██......<......█ ........█.██████ █ ███████.█.█ █ █(█@█

█ █.█Y█ █ ███
█.█Z█ ███ ██.██
█.█.█ ..█ ██...██
█Z█.█
█.████.....███÷█(█
..(.........██.█)█
>.███............█
..█ ███.....(..███


You could see a yak (poisoned) and a bullfrog zombie.

Vanquished Creatures
  2 yaks (D:6)
  Menkaure (D:5)
  A phantom (D:5)
  An ogre (D:5)
  2 bullfrogs (D:6)
  A centaur zombie (D:5)
  A jelly (D:6)
  2 bullfrog skeletons (D:5)
  2 hounds
  An iguana (D:5)
  3 worker ants
  2 worker ant zombies (D:5)
  10 adders
  4 gnolls (D:6)
  An ooze (D:1)
  An adder skeleton (D:4)
  2 worms
  2 dart slugs
  5 leopard geckos
  An orc (D:5)
  3 ball pythons
  5 giant cockroaches
  9 goblins
  5 hobgoblins
  4 jackals (D:3)
  3 quokkas
  10 bats
  4 frilled lizards
  3 kobolds
  A leopard gecko skeleton (D:5)
  A leopard gecko zombie (D:6)
  7 rats
100 creatures vanquished.

Vanquished Creatures (collateral kills)
  A yak (D:6)
1 creature vanquished.

Vanquished Creatures (others)
  19 toadstools (D:4)
19 creatures vanquished.

Grand Total: 120 creatures vanquished

Notes
Turn   | Place    | Note
-------+----------+-------------------------------------------
     0 | D:1      | Goblin1989 the Demonspawn Brigand began the quest for the
                  | Orb.
     0 | D:1      | Reached XP level 1. HP: 16/16 MP: 1/1
     8 | D:1      | Noticed an ogre
    24 | D:1      | Reached skill level 2 in Short Blades
   308 | D:1      | Gained mutation: You are partially covered in razor-sharp
                  | scales. (AC +1, Slay +1) [demonic ancestry]
   308 | D:1      | Reached XP level 2. HP: 22/22 MP: 2/2
   433 | D:1      | Reached skill level 3 in Short Blades
   546 | D:1      | Goblin1989: !lg goblin1989
   546 | D:1      | meem: 3269. Goblin1989 the Rhythm of Life and Death (L27
                  | DsBr of Uskayaw), slain by an acid blob (created by the
                  | Royal Jelly) on Slime:5 (slime_pit) on 2021-01-07 04:51:38,
                  | with 650340 points after 64535 turns and 2:07:16.
   546 | D:1      | Goblin1989: !lg goblin1989 -log
   546 | D:1      | meem: 3269. Goblin1989, XL27 DsBr, T:64535:
                  | https://crawl.xtahua.com/crawl/morgue/Goblin1989/morgue-Gob
                  | lin1989-20210107-045138.txt
   557 | D:1      | Found a broken altar of Ashenzari.
   791 | D:2      | Reached XP level 3. HP: 27/27 MP: 3/3
  1325 | D:2      | Reached XP level 4. HP: 31/33 MP: 4/4
  1363 | D:2      | Reached skill level 4 in Short Blades
  2659 | D:3      | Found a glowing golden altar of the Shining One.
  2760 | D:3      | Found an opulent altar of Gozag.
  2941 | D:3      | Reached XP level 5. HP: 19/38 MP: 5/5
  3509 | D:3      | Reached skill level 5 in Short Blades
  3572 | D:3      | Found a runed translucent gate.
  3573 | D:3      | Found a runed translucent gate.
  3573 | D:3      | Found a runed translucent gate.
  3575 | D:3      | Noticed dscm's ghost (weakling FeEE)
  3673 | D:4      | Noticed Ijyb
  4120 | D:4      | Found Bass's General Store.
  4128 | D:4      | Bought a scroll of summoning for 95 gold pieces
  4128 | D:4      | Bought a scroll of identify for 20 gold pieces
  4363 | D:5      | Entered Level 5 of the Dungeon
  4392 | D:5      | Reached XP level 6. HP: 16/44 MP: 6/6
  4627 | D:5      | Reached skill level 6 in Short Blades
  5277 | D:5      | Reached skill level 7 in Short Blades
  5311 | D:5      | Reached XP level 7. HP: 43/50 MP: 7/7
  5474 | D:5      | Noticed Menkaure
  5507 | D:5      | Killed Menkaure
  5652 | D:5      | Found Ylajah's Antique Armour Boutique.
  5661 | D:5      | Bought a buckler for 103 gold pieces
  5880 | D:5      | Found a white marble altar of Elyvilon.
  5957 | D:6      | Reached skill level 1 in Shields
  5993 | D:6      | Reached skill level 8 in Short Blades
  6462 | D:6      | Noticed a yak
  6462 | D:6      | Noticed a yak
  6462 | D:6      | Noticed a yak
  6462 | D:6      | Noticed a yak
  6482 | D:6      | Killed a yak
  6483 | D:6      | Reached XP level 8. HP: 45/56 MP: 8/8
  6604 | D:6      | Mangled by a yak

Illustrated notes

Levels and vault maps discovered:
D:1:      evilmike_arrival_come_back, layout_rooms,
          ebering_dispersal_statue_hall, amethyst_killhole, ashenzari_altar_1
D:2:      layout_basic
D:3:      layout_basic, tso_metal_star, ebering_ghost_rock_garden,
          grunt_gozag_statues
D:4:      wander_river, layout_loops_cross, serial_shops, shop, tgw_fedhas,
          uniq_ijyb
D:5:      layout_cave_pools, general_overflow_altar, serial_shops, shop,
          uniq_menkaure
D:6:      layout_loops_ring, minmay_temple_entry_arrows, basic_altar

Skill      XL: |  1  2  3  4  5  6  7 |
---------------+----------------------+-----
Short Blades   | 2 3 4 5 7 8 |  8.8
Shields        | 2 |  2.5
Fighting       | |  2.0
Throwing       | |  1.7
Dodging        | |  0.8
Stealth        | |  3.6

Action                   |  1- 3 |  4- 6 |  7- 9 || total
-------------------------+-------+-------+-------++-------
Melee: Dagger            |    83 |   226 |   119 ||   428
Throw: Dart              |    10 |    13 |    19 ||    42
  Use: Scroll            |       |     4 |     1 ||     5
       Potion            |       |       |     6 ||     6
 Stab: Sleeping          |     6 |    12 |     2 ||    20
Armor: Robe              |    16 |    66 |    19 ||   101
       Skin              |       |       |    11 ||    11
Dodge: Dodged            |    36 |   114 |    43 ||   193
Block: Buckler           |       |       |     7 ||     7
